AoeStats
← hirax34

Arena

510190454Analyzed
4v4 RM · 19h ago on Sep 29, 2026· 40m 53s· 8 players
Game mode
Random Map
Map size
Large (8 player)
Population
200
Speed
Normal
Resources
Standard
Victory
Conquest
Starting age
Dark Age
Ending age
Imperial Age
RankedLock teamsTeams togetherTeam positionsShared explorationLock speedFull tech treeHidden civsTurbo modeCheats
Victory
Defeat
🇧🇷 Cumans · Brazil
1375
+14
🇧🇷 Gurjaras · Brazil
1325
+16
🇪🇸 Persians · Spain
1324
+16
🇹🇷 Bohemians · Türkiye
1315
+16
🇦🇷 Cumans · Argentina
1396
-18
🇺🇾 Saxons · Uruguay
1356
-16
🇦🇷 Teutons · Argentina
1277
-14
🇪🇸 Mongols · Spain
1276
-14
Mionel Lessi
2:08 Loom
9:02 Feudal Age
10:21 Wheelbarrow
9:55 Horse Collar
10:17 Double-Bit Axe
14:17 Town Watch
22:21 Castle Age
22:44 Fletching
23:04 Forging
23:00 Scale Barding Armor
24:04 Gold Mining
24:16 Heavy Plow
24:29 Bow Saw
24:40 Hand Cart
25:23 Bodkin Arrow
29:28 Gold Shaft Mining
32:30 Imperial Age
30:25 Chain Barding Armor
30:40 Iron Casting
30:08 Steppe Husbandry
32:23 Bloodlines
34:13 Plate Barding Armor
34:39 Blast Furnace
34:01 Conscription
33:03 Elite Steppe Lancer
arodrisa
11:39 Feudal Age
15:22 Castle Age
13:58 Double-Bit Axe
15:26 Horse Collar
17:47 Bow Saw
17:53 Heavy Plow
23:56 Stone Mining
24:03 Gold Mining
25:11 Wheelbarrow
26:37 Stone Shaft Mining
26:40 Gold Shaft Mining
28:20 Hand Cart
27:51 Town Watch
27:52 Loom
30:43 Imperial Age
29:12 Town Patrol
29:15 Husbandry
29:45 Bloodlines
29:41 Scale Barding Armor
29:46 Forging
30:54 Scale Mail Armor
31:36 Conscription
30:50 Elite War Elephant
32:20 Iron Casting
34:02 Two-Man Saw
34:04 Fervor
35:50 Crop Rotation
36:20 Chain Barding Armor
37:27 Blast Furnace
39:53 Plate Barding Armor
dionathanbh
10:46 Feudal Age
14:36 Castle Age
19:21 Wheelbarrow
19:07 Double-Bit Axe
24:14 Horse Collar
24:47 Bow Saw
24:30 Gold Mining
24:34 Stone Mining
28:47 Imperial Age
26:36 Hand Cart
27:06 Heavy Plow
27:44 Gold Shaft Mining
29:11 Stone Shaft Mining
29:05 Kshatriyas
29:20 Forging
29:11 Scale Mail Armor
29:11 Town Watch
29:12 Elite Chakram Thrower
30:55 Chemistry
31:33 Iron Casting
31:13 Chain Mail Armor
35:33 Plate Mail Armor
35:50 Ballistics
hirax34
6:57 Loom
9:24 Feudal Age
14:09 Fletching
19:08 Castle Age
26:26 Sanctity
28:18 Double-Bit Axe
BoxStars
10:28 Feudal Age
12:23 Loom
14:25 Double-Bit Axe
14:23 Horse Collar
15:51 Fletching
18:05 Wheelbarrow
27:11 Castle Age
27:17 Gold Mining
27:17 Stone Mining
28:09 Bodkin Arrow
28:22 Scale Barding Armor
30:09 Stone Shaft Mining
31:30 Ballistics
31:01 Guard Tower
34:43 Imperial Age
33:37 Scale Mail Armor
33:49 Forging
34:23 Bow Saw
34:28 Squires
33:49 Pikeman
35:12 Chain Mail Armor
35:06 Halberdier
36:33 Iron Casting
38:53 Plate Mail Armor
41:37 Blast Furnace
Zikane
11:31 Feudal Age
12:49 Double-Bit Axe
12:48 Horse Collar
15:46 Castle Age
17:11 Bow Saw
17:03 Heavy Plow
18:28 Wheelbarrow
21:49 Stone Mining
22:23 Gold Mining
24:45 Stone Shaft Mining
25:15 Hand Cart
25:11 Loom
25:13 Town Watch
25:22 Fletching
25:33 Padded Archer Armor
26:11 Gold Shaft Mining
26:11 Ballistics
30:02 Imperial Age
27:35 Husbandry
28:11 Bodkin Arrow
28:29 Bloodlines
28:55 Leather Archer Armor
29:47 Scale Barding Armor
30:16 Thumb Ring
30:07 Elite Mangudai
31:51 Chemistry
30:53 Bracer
30:25 Light Cavalry
31:54 Parthian Tactics
32:40 Chain Barding Armor
32:34 Forging
32:22 Hussar
33:43 Heavy Camel Rider
39:27 Iron Casting
[SotC] Tupamaro
11:00 Feudal Age
14:44 Castle Age
12:43 Double-Bit Axe
13:53 Horse Collar
16:46 Bow Saw
16:23 Loom
20:57 Wheelbarrow
22:59 Hand Cart
22:33 Town Watch
23:13 Heavy Plow
26:23 Gold Mining
26:23 Stone Mining
29:36 Imperial Age
27:56 Gold Shaft Mining
27:11 Stone Mining
29:01 Town Patrol
30:27 Scale Mail Armor
30:37 Forging
31:32 Two-Man Saw
30:20 Capped Ram
31:32 Elite Varangian Guard
32:34 Chain Mail Armor
32:54 Iron Casting
33:20 Crop Rotation
33:09 Gambesons
32:55 Pikeman
33:44 Squires
33:29 Arson
33:41 Halberdier
35:55 Plate Mail Armor
38:56 Conscription
Dino_Mate
8:13 Feudal Age
8:53 Double-Bit Axe
11:57 Horse Collar
15:26 Wheelbarrow
15:40 Gold Mining
19:59 Castle Age
19:02 Scale Barding Armor
19:14 Forging
19:39 Bloodlines
22:34 Chain Barding Armor
22:12 Light Cavalry
24:09 Hand Cart
23:40 Loom
26:55 Gold Shaft Mining
28:56 Imperial Age
28:15 Heavy Plow
29:12 Iron Casting
27:59 Capped Ram
30:18 Plate Barding Armor
29:06 Cavalier
31:27 Blast Furnace
30:16 Siege Ram
33:37 Paladin
35:25 Crop Rotation
34:53 Town Watch
Connection lost

Rejoining the realm…

Still unreachable

The connection could not be restored.

Session expired

The server has moved on; the page needs a fresh start.